 Dungeon Crawl Stone Soup version 0.32-a0-607-g64ea0e4219 (webtiles) character file.

Game seed: 17877016600219868355

1316 ytrimaz the Prestidigitator (level 8, -10/60 HPs)
             Began as a Coglin Artificer on Mar 4, 2024.
             Mangled by a hornet (13 damage)
             ... on level 5 of the Dungeon.
             The game lasted 00:04:38 (4776 turns).

ytrimaz the Prestidigitator (Coglin Artificer)      Turns: 4776, Time: 00:04:39

Health: -10/60     AC: 12    Str: 14    XL:     8   Next: 59%
Magic:  8/8        EV: 10    Int: 11    God:
Gold:   238        SH:  0    Dex: 15    Spells: 7/7 levels left

rFire   . . .        s - +3 morningstar (holy) {Amyrtaeus}
rCold   . . .        n - +2 flail (holy) {Nenetl}
rNeg    . . .        o - +4 ring mail {Will+}
rPois   .            (no helmet)
rElec   .            i - +0 cloak
rCorr   .            y - +0 pair of gloves
SInv    .            (no boots)
Will    +....        (amulet unavailable) Stlth
                     (ring unavailable)
HPRegen 0.30/turn    (ring unavailable)
MPRegen 0.11/turn    (no gizmo)

%: no passive effects
@: confused, mighty, brilliant, lethally poisoned (-10 -> -20), ambrosia-drunk,
hasted and slowed, studying Throwing, invisible, revving
A: off-hand wielding, slow wielding, warmup strikes, no jewellery
a: Invent Gizmo


You were on level 5 of the Dungeon.
You visited 1 branch of the dungeon, and saw 5 of its levels.

You collected 238 gold pieces.


Innate Abilities, Weirdness & Mutations

You can wield a second weapon in your off-hand.
It takes a long time for you to wield or remove held weapons.
Your first few attacks do less damage.
You cannot equip rings or amulets.


   Skills:
 - Level 4.0 Fighting
 + Level 3.9 Maces & Flails
 + Level 5.4 Armour
 - Level 0.8 Dodging
 - Level 0.7 Stealth
 + Level 8.5 Evocations


You had 7 spell levels left.
You didn't know any spells.
Your spell library contained the following spells:

 Spells                   Type           Power      Damage    Failure   Level
 Freeze                   Ice            0%         1d3       56%         1
 Frozen Ramparts          Ice            0%         1d1       90%         3
 Hailstorm                Conj/Ice       0%         3d5       90%         3

Inventory:

Hand Weapons
 a - a +0 club {Silke}
 f - a +0 dagger {Nenetl}
 l - a +0 flail {Nittaya}
   (You found it on level 2 of the Dungeon)
 n - a +2 flail of holy wrath (offhand) {Nenetl}
   (You took it off an orc on level 3 of the Dungeon)
 r - a +0 dagger of flaming {Kyoko}
   (You took it off a kobold on level 3 of the Dungeon)
 s - a +3 morningstar of holy wrath (weapon) {Amyrtaeus}
   (You took it off a kobold on level 3 of the Dungeon)
Armour
 i - a +0 cloak (worn)
   (You found it on level 1 of the Dungeon)
 o - a +4 ring mail of willpower (worn)
   (You found it on level 5 of the Dungeon)
 y - a +0 pair of gloves (worn)
   (You found it on level 5 of the Dungeon)
Wands
 c - a wand of flame (11) (quivered)
 d - a wand of charming (15)
 e - a wand of iceblast (5)
Scrolls
 g - a scroll of revelation
 k - 3 scrolls of enchant weapon
 p - a scroll of noise
Potions
 m - a potion of haste
 x - a potion of enlightenment {unknown}
Miscellaneous
 t - a phial of floods
   (You found it on level 5 of the Dungeon)

Dungeon Overview and Level Annotations

Branches:
Dungeon (5/15) Zot: 25160
 Temple: D:4-7

Altars:
Ashenzari
Cheibriados
Wu Jian

Annotations:
D:2 1 runed translucent door, Crazy Yiuf
D:4 2 runed translucent doors, dogverified's ghost, amateur DsAl
D:5 2 runed translucent doors

#.#.#,,,*,**,......,*##
#...#,*,**,+,##++##,,.#
####.#.#,**,***##ß..ß##..#
##......##,*,,* #ß....ß#..#
.#...##..#***** #......#..#
##....#..#***** #.....[#..#
##......##,,,,* #ß....ß#..#
###.###.#,,**#####ß..ß##..# #
#.###.#,**,#.y@##))##...# #
#..##.#,*,#..#.)).......# #
##.##.#,**##.#.......##.#
####.##.##,,,g##..###.###.#
.........######..####.###.#
#..#..##...........##.#...#
#†###.############.##...#########
..# #.# ##### #..............#
### #.## #...########..........#


You could see a hornet (unable to see you).


Message History

You shrug off the repeated paralysis!
You can move again. 😨 HP[-22]
You take 22 damage, and now have 25/60 hp.
MASSIVE DAMAGE!! (PAUSE) It was a potion of haste.
You feel yourself speed up.
You feel yourself speed up.
You feel sick. The hornet stings you.
* * * LOW HITPOINT WARNING * * *
You feel yourself slow down.
The hornet stings you but does no damage. 😨 HP[-7]
You take 7 damage, and now have 18/60 hp.
Unknown command.
You fade into invisibility!
You feel yourself speed up.
You feel sick. The hornet stings you!
* * * LOW HITPOINT WARNING * * *
You are lethally poisoned!
You feel yourself slow down. The hornet stings you.
* * * LOW HITPOINT WARNING * * *
You feel as though you will be slow longer. 😱 HP[-11]
You take 11 damage, and now have 7/60 hp.
Unknown command.
You are confused.
You feel invigorated.
* * * LOW HITPOINT WARNING * * *
You feel very sick. The hornet closely misses you. 😱 HP[+2]
You regained 2 hp, and now have 9/60 hp.
You feel yourself speed up.
You feel sick. The hornet misses you.
The hornet stings you but does no damage. 😱 HP[+2]
You regained 2 hp, and now have 11/60 hp.
Unknown command.
Unknown command.
You miss the hornet with your +2 flail of holy wrath.
You barely miss the hornet with your +3 morningstar of holy wrath.
You feel sick.
The hornet stings you but does no damage. 😱 HP[+3]
You regained 3 hp, and now have 14/60 hp.
Unknown command.
You miss the hornet with your +3 morningstar of holy wrath.
You miss the hornet with your +2 flail of holy wrath.
You feel sick. The hornet stings you.
* * * LOW HITPOINT WARNING * * *
You feel yourself slow down.
You hit the hornet with your +2 flail of holy wrath.
You miss the hornet with your +3 morningstar of holy wrath.
You feel sick. The hornet stings you.
* * * LOW HITPOINT WARNING * * *
You feel as though you will be slow longer.
The hornet stings you!
* * * LOW HITPOINT WARNING * * *
You are lethally poisoned!
You feel as though you will be slow longer. 😱 HP[-11]
You take 11 damage, and now have 3/60 hp.
Unknown command.
You are more confused.
You feel more invigorated.
* * * LOW HITPOINT WARNING * * *
You feel very sick. The hornet barely misses you.
The hornet closely misses you.
Unknown command.
You bump into the rock wall.
* * * LOW HITPOINT WARNING * * *
You feel very sick. The hornet closely misses you.
Unknown command.
Unknown command.
It was a potion of brilliance.
You feel clever all of a sudden.
* * * LOW HITPOINT WARNING * * *
You feel very sick. The hornet barely misses you. The hornet stings you.
* * * LOW HITPOINT WARNING * * *
You are more poisoned.
You suddenly lose the ability to move!
* * * LOW HITPOINT WARNING * * *
You feel very sick. The hornet stings you.
* * * LOW HITPOINT WARNING * * *
You feel as though you will be slow longer.
You can move again. 😱 HP[-1]
You take 1 damage, and now have 2/60 hp.
You are too confused!
Unknown command.
It was a potion of might.
You feel very mighty all of a sudden.
* * * LOW HITPOINT WARNING * * *
You feel very sick.
The hornet stings you but does no damage.
The hornet stings you!
You die...

Skill      XL: |  1  2  3  4  5  6  7  8 |
---------------+-------------------------+-----
Armour         | 2 3 4 5 |  5.4
Fighting       | 2 3 4 |  4.0
Evocations     | 6 7 8 |  8.5
Maces & Flails | 1 2 3 |  3.9
Dodging        | |  0.8
Stealth        | |  0.7

Action                     |  1- 3 |  4- 6 |  7- 9 || total
---------------------------+-------+-------+-------++-------
  Melee: Club              |    48 |       |       ||    48
         Dagger            |    79 |    95 |       ||   174
         Flail             |    29 |    53 |    65 ||   147
         Morningstar       |       |    60 |    70 ||   130
  Evoke: Wand              |     2 |     2 |       ||     4
    Use: Potion            |       |     4 |     7 ||    11
         Scroll            |       |       |     9 ||     9
   Stab: Sleeping          |     9 |     3 |     1 ||    13
         Invisible         |       |       |     4 ||     4
 Armour: Leather armour    |    53 |   100 |    54 ||   207
         Ring mail         |       |       |    17 ||    17
  Dodge: Dodged            |    52 |    88 |    44 ||   184

Levels and vault maps discovered:
D:1:      dpeg_arrival_three_same_balls, layout_loops_ring
D:2:      layout_basic, minmay_rat_gold_closets, uniq_crazy_yiuf_cottage
D:3:      layout_basic, chei_slow_surprise, old_standard_altar,
          shapermc_ecumenical_altar_venn, minmay_misc_feat_columns, uniq_grinder
D:4:      layout_basic, ebering_ghost_disaster_area
D:5:      layout_rooms, mainiacjoe_overflow_brackets, grunt_decor_fettered,
          minmay_hollow_rounded_squares

Notes
Turn   | Place    | Note
-------+----------+-------------------------------------------
     0 | D:1      | ytrimaz the Coglin Artificer began the quest for the Orb.
     0 | D:1      | Reached XP level 1. HP: 15/15 MP: 1/1
     0 | D:1      | magus.rc [v1.9.6]
   141 | D:1      | Reached skill level 2 in Armour
   172 | D:1      | Reached XP level 2. HP: 21/21 MP: 2/2
   506 | D:1      | Reached XP level 3. HP: 27/27 MP: 3/3
   943 | D:2      | Reached skill level 2 in Fighting
   996 | D:2      | Found a runed translucent door.
   997 | D:2      | Noticed Crazy Yiuf
  1524 | D:3      | Reached XP level 4. HP: 31/33 MP: 4/4
  1596 | D:3      | Noticed Grinder
  1596 | D:3      | Paralysed by Grinder for 2 turns
  1611 | D:3      | HP: 4/33 [Grinder/nerve-wracking pain (13)]
  1616 | D:3      | Killed Grinder
  1617 | D:3      | Reached skill level 3 in Fighting
  1617 | D:3      | Reached skill level 3 in Armour
  1617 | D:3      | Reached skill level 6 in Evocations
  1617 | D:3      | Reached XP level 5. HP: 16/41 MP: 5/5
  1617 | D:3      | Reached XP level 6. HP: 18/47 MP: 6/6
  1752 | D:3      | Found a faded altar of an unknown god.
  1844 | D:3      | Found an ornate altar of the Wu Jian Council.
  2911 | D:3      | Found a snail-covered altar of Cheibriados.
  3250 | D:4      | You pick up a book of Frost and begin reading...
  3250 | D:4      | You add the spells Freeze, Frozen Ramparts and Hailstorm to
                  | your library.
  3254 | D:4      | Found a large runed translucent door.
  3255 | D:4      | Found a large runed translucent door.
  3260 | D:4      | Noticed dogverified's ghost (amateur DsAl)
  3274 | D:4      | HP: 12/48 [orc/+0 mace (5)]
  3283 | D:4      | Reached skill level 1 in Maces & Flails
  3297 | D:4      | Reached skill level 4 in Fighting
  3531 | D:4      | Reached XP level 7. HP: 28/54 MP: 7/7
  3869 | D:5      | Entered Level 5 of the Dungeon
  3877 | D:5      | Reached skill level 4 in Armour
  3954 | D:5      | Found a broken altar of Ashenzari.
  4090 | D:5      | Reached skill level 2 in Maces & Flails
  4090 | D:5      | Reached skill level 7 in Evocations
  4221 | D:5      | Found a large runed translucent door.
  4221 | D:5      | Found a large runed translucent door.
  4609 | D:5      | Noticed a kobold demonologist
  4621 | D:5      | Reached XP level 8. HP: 53/60 MP: 8/8
  4624 | D:5      | Reached skill level 3 in Maces & Flails
  4651 | D:5      | Noticed a hellwing
  4651 | D:5      | Killed a kobold demonologist
  4652 | D:5      | Reached skill level 5 in Armour
  4652 | D:5      | Reached skill level 8 in Evocations
  4652 | D:5      | Found a large runed translucent door.
  4652 | D:5      | Found a large runed translucent door.
  4761 | D:5      | Noticed a hornet
  4763 | D:5      | Paralysed by a hornet for 2 turns
  4766 | D:5      | HP: 10/60 [hornet (7)]
  4771 | D:5      | HP: 14/60 [hornet (3)]
  4771 | D:5      | HP: 3/60 [hornet (11)]
  4774 | D:5      | HP: 1/60 [hornet (4)]
  4774 | D:5      | Paralysed by a hornet for 2 turns
  4776 | D:5      | Mangled by a hornet

Vanquished Creatures
  A kobold demonologist (D:5)
  Grinder (D:3)
  An orc warrior (D:5)
  A black bear (D:5)
  2 scorpions (D:5)
  A wight (D:5)
  A howler monkey (D:5)
  4 hounds
  2 bombardier beetles (D:5)
  2 orc wizards (D:4)
  3 iguanas
  A gnoll (D:5)
  5 adders
  3 shadow imps
  A white imp (D:5)
  6 dart slugs
  7 orcs
  3 bats
  6 endoplasms
  4 giant cockroaches
  4 goblins
  4 hobgoblins
  4 jackals (D:4)
  4 quokkas
  7 ball pythons
  4 frilled lizards
  11 kobolds
  15 rats
108 creatures vanquished.

Table legend:
 A = Non-vault XP
 B = Vault XP
 C = Vault XP percentage of total XP
 D = Non-vault monster count
 E = Vault monster count
 F = Vault count percentage of total count
                 A         B        C        D         E       F
            +---------+---------+-------+---------+---------+-------
      Total |     908 |     972 |  51.7 |      91 |      17 |  15.7
            +---------+---------+-------+---------+---------+-------
        D:1 |      40 |       0 |   0.0 |      22 |       0 |   0.0
        D:2 |      33 |       8 |  19.5 |      12 |       8 |  40.0
        D:3 |      84 |     281 |  77.0 |      21 |       1 |   4.5
        D:4 |     204 |       0 |   0.0 |      24 |       0 |   0.0
        D:5 |     547 |     683 |  55.5 |      12 |       8 |  40.0
            +---------+---------+-------+---------+---------+-------

Skill      XL: |  1  2  3  4  5  6  7  8 |
---------------+-------------------------+-----
Armour         | 2 3 4 5 |  5.4
Fighting       | 2 3 4 |  4.0
Evocations     | 6 7 8 |  8.5
Maces & Flails | 1 2 3 |  3.9
Dodging        | |  0.8
Stealth        | |  0.7

Action                     |  1- 3 |  4- 6 |  7- 9 || total
---------------------------+-------+-------+-------++-------
  Melee: Club              |    48 |       |       ||    48
         Dagger            |    79 |    95 |       ||   174
         Flail             |    29 |    53 |    65 ||   147
         Morningstar       |       |    60 |    70 ||   130
  Evoke: Wand              |     2 |     2 |       ||     4
    Use: Potion            |       |     4 |     7 ||    11
         Scroll            |       |       |     9 ||     9
   Stab: Sleeping          |     9 |     3 |     1 ||    13
         Invisible         |       |       |     4 ||     4
 Armour: Leather armour    |    53 |   100 |    54 ||   207
         Ring mail         |       |       |    17 ||    17
  Dodge: Dodged            |    52 |    88 |    44 ||   184

Illustrated notes

Table legend:
 A = Kills in this place as a percentage of kills in the entire game.
 B = Kills by you in this place as a percentage of kills by you in the entire game.
 C = Kills by friends in this place as a percentage of kills by friends in the entire game.
 D = Other kills in this place as a percentage of other kills in the entire game.
 E = Experience gained in this place as a percentage of experience gained in the entire game.
 F = Experience gained in this place divided by the number of levels of this place that you have seen.
                   A       B       C       D       E      F
               +-------+-------+-------+-------+-------+----------------------
         Total | 100.0 | 100.0 |   N/A |   N/A | 100.0 | 376.0
       Dungeon | 100.0 | 100.0 |   N/A |   N/A | 100.0 | 376.0
               +-------+-------+-------+-------+-------+----------------------

Table legend: (Time is in decaauts)
 A = Elapsed time spent in this place.
 B = Non-inter-level travel time spent in this place.
 C = Inter-level travel time spent in this place.
 D = Time resting spent in this place.
 E = Time spent auto-exploring this place.
 F = Levels seen in this place.
 G = Mean time per level.
                   A        B        C        D        E       F      G
               +--------+--------+--------+--------+--------+-----+--------+
         Total |   4838 |   4666 |    172 |     38 |   3704 |   5 |  967.6 |
       Dungeon |   4838 |   4666 |    172 |     38 |   3704 |   5 |  967.6 |
               +--------+--------+--------+--------+--------+-----+--------+

Top non-repeatable levels by time:
     D:3: 1483 daAuts
     D:5: 927 daAuts
     D:4: 912 daAuts
     D:1: 793 daAuts
     D:2: 721 daAuts
